Toronto Maple Leafs vs Hartford Whalers
Created - Sunday, May 18, 2025 at 07:30
Goals
|
| Toronto Maple Leafs |
0 |
4 |
1 |
5 |
| Hartford Whalers |
0 |
0 |
3 |
3 |
|
Shots
|
| Toronto Maple Leafs |
10 |
20 |
10 |
40 |
| Hartford Whalers |
3 |
8 |
20 |
31 |
|
1st period
No Goal
Penalties :
Nick Suzuki (HFD) for Hooking (Minor) at 13:11, Aaron Ekblad (TOR) for Slashing (Minor) at 18:15
2nd period
1. Toronto Maple Leafs , Nicolas Roy 18 (Quinton Byfield 36, Nick Bjugstad 31) at 6:04 (PP)
2. Toronto Maple Leafs , Nick Bjugstad 14 (Ryan Pulock 19) at 10:06
3. Toronto Maple Leafs , Troy Terry 23 (Brady Tkachuk 47, Cam Talbot) at 13:42
4. Toronto Maple Leafs , Cody Ceci 4 (Brady Tkachuk 48, Tomas Hertl 56) at 14:29 (PP)
Penalties :
Tom Wilson (HFD) for Interference (Minor) at 5:47, Tom Wilson (HFD) for Hooking (Minor) at 14:16, Sean Walker (TOR) for Hooking (Minor) at 16:30
3rd period
5. Hartford Whalers , Nick Suzuki 29 (Tom Wilson 23, Kaiden Guhle 14) at 2:11
6. Hartford Whalers , Anthony Cirelli 20 (Nick Suzuki 52) at 7:29
7. Hartford Whalers , Pierre-Luc Dubois 23 (Devon Toews 18) at 9:42 (PP)
8. Toronto Maple Leafs , Scott Laughton 6 (Ryan Pulock 20, Cam Talbot) at 16:02
Penalties :
Tom Wilson (HFD) for Fighting (Major) at 6:02, Brady Tkachuk (TOR) for Fighting (Major) at 6:02, Nick Bjugstad (TOR) for Interference (Minor) at 9:32, Dougie Hamilton (TOR) for Holding (Minor) at 9:55, Nick Bjugstad (TOR) for Hooking (Minor) at 12:44
Goalie Stats
Cam Talbot (TOR), 28 saves from 31 shots - (0.903), W, 21-16-5, 60:00 minutes
Spencer Knight (HFD), 35 saves from 40 shots - (0.875), L, 11-12-4, 60:00 minutes
Players Stats for Toronto Maple Leafs
Player Name G A P +/- PIM S H SB GA TA FO MP PP MP PK MP
------------------------------------------------------------------------------------
Aaron Ekblad 0 0 0 1 2 1 1 6 1 3 0/0 26:19 1:15 3:14
Andrew Mangiapane 0 0 0 0 0 0 1 1 1 0 0/0 9:13 0:00 0:00
Brady Tkachuk 0 2 2 0 5 3 4 0 2 1 4/4 16:34 1:16 3:16
Brandon Saad 0 0 0 1 0 0 0 1 0 0 1/1 12:39 0:00 0:24
Cody Ceci 1 0 1 -1 0 2 0 1 0 0 0/0 20:47 1:14 4:08
Dougie Hamilton 0 0 0 1 2 2 1 2 0 1 0/0 12:51 0:00 0:40
Mario Ferraro 0 0 0 -1 0 0 2 0 0 1 0/0 20:37 1:14 3:58
Nick Bjugstad 1 1 2 1 4 1 4 2 0 1 10/20 18:36 1:13 3:09
Nicolas Roy 1 0 1 1 0 6 1 0 0 0 0/1 15:10 1:10 0:00
Nino Niederreiter 0 0 0 0 0 4 0 0 0 0 0/0 9:13 0:00 0:00
Quinton Byfield 0 1 1 1 0 2 0 1 0 0 0/0 15:13 1:13 0:00
Ryan Pulock 0 2 2 1 0 0 0 5 0 0 0/0 27:14 1:15 4:08
Sam Bennett 0 0 0 1 0 4 1 0 0 0 0/0 12:15 0:00 0:00
Scott Laughton 1 0 1 0 0 4 0 0 1 0 5/6 11:10 0:00 1:34
Sean Walker 0 0 0 1 2 0 0 0 0 1 0/0 12:22 0:00 0:04
Tomas Hertl 0 1 1 -1 0 1 0 0 0 0 13/21 18:33 1:16 3:33
Troy Terry 1 0 1 -1 0 5 0 0 1 0 2/4 19:12 1:16 4:02
Wyatt Johnston 0 0 0 0 0 5 2 0 0 0 8/17 14:00 0:03 0:24
Players Stats for Hartford Whalers
Player Name G A P +/- PIM S H SB GA TA FO MP PP MP PK MP
------------------------------------------------------------------------------------
Anthony Cirelli 1 0 1 0 0 6 0 0 2 1 3/5 21:54 3:14 1:34
Charlie McAvoy 0 0 0 -2 0 2 1 1 0 1 0/0 26:35 4:21 1:06
Devon Toews 0 1 1 -1 0 2 2 0 0 0 0/0 26:59 3:45 1:23
Dylan Guenther 0 0 0 0 0 1 0 1 1 0 0/0 4:08 0:00 0:00
Jaden Schwartz 0 0 0 0 0 1 2 0 0 0 0/1 13:50 0:00 0:00
Josh Anderson 0 0 0 -2 0 0 0 0 0 0 0/0 10:43 3:42 0:09
Joshua Norris 0 0 0 0 0 0 0 0 0 0 1/1 2:15 0:00 0:00
Kaapo Kakko 0 0 0 -1 0 0 0 0 0 0 0/0 1:57 0:50 0:00
Kaiden Guhle 0 1 1 2 0 0 0 2 0 0 0/0 18:03 4:21 1:06
Miles Wood 0 0 0 -1 0 1 0 0 0 0 0/0 8:38 0:08 1:16
Morgan Frost 0 0 0 0 0 2 1 0 1 0 5/13 15:09 0:03 0:09
Nick Suzuki 1 1 2 0 2 10 2 0 2 1 17/41 28:55 3:36 0:14
Pierre-Luc Dubois 1 0 1 1 0 2 4 1 0 1 2/2 27:17 4:29 0:42
Ryan Suter 0 0 0 2 0 0 0 1 0 1 0/0 12:22 0:00 0:00
Samuel Girard 0 0 0 -1 0 2 3 0 0 1 0/0 21:27 3:45 1:23
Seth Jones 0 0 0 -2 0 0 1 0 0 0 0/0 14:34 0:00 0:00
Tom Wilson 0 1 1 0 9 1 1 1 0 0 0/0 17:02 3:54 0:00
Yegor Sharangovich 0 0 0 0 0 1 0 1 2 0 3/11 25:39 4:22 0:54
3 Stars
1 - Nick Bjugstad (TOR)
2 - Ryan Pulock (TOR)
3 - Pierre-Luc Dubois (HFD)
Power Play
Toronto Maple Leafs - 2 on 3 Attempt(s) - 66.67%
Hartford Whalers - 1 on 5 Attempt(s) - 20.00%
Penalty Kill
Toronto Maple Leafs - 4 on 5 Attempt(s) - 80.00%
- Score 0 goal in Penalty Kill
Hartford Whalers - 1 on 3 Attempt(s) - 33.33%
- Score 0 goal in Penalty Kill
Team Stat
Toronto Maple Leafs - Hits : 17 - Faceoff Wins : 43 - Blocked Shots : 19 - Penalty Minutes : 15
Hartford Whalers - Hits : 17 - Faceoff Wins : 31 - Blocked Shots : 8 - Penalty Minutes : 11
Official
Referees : Trevor Hanson and Eric Furlatt
Linesman : Mitchell Hunt and Bevan Mills
Game Notes
Joshua Norris is injured at 7:40 of 1st period (Bruised Right Arm)
Dylan Guenther is injured at 10:27 of 1st period (Sprained Right Finger)
Brady Tkachuk beats up Tom Wilson at 6:02 of 3rd period
Finance
Level 1 -- Attendance: 5520 (55.20%) -- Ticket Income $469,200
Level 2 -- Attendance: 4521 (90.42%) -- Ticket Income $248,655
Level 3 -- Attendance: 2635 (87.83%) -- Ticket Income $79,050
Level 4 -- Attendance: 4574 (91.48%) -- Ticket Income $91,480
Luxury Box -- Attendance: 899 (89.90%) -- Ticket Income $170,810
Game was played at the Hartford Civic Center.
Total Attendance: 18149 (75.62%)
Total Ticket Income: $1,059,195
Other Income: $370,718
Total Income: $1,429,913
Toronto Maple Leafs
5 vs 5 Forward
Center Left Wing Right Wing Time % Phy DF OF
1 Tomas Hertl Brady Tkachuk Troy Terry 30 1 2 2
2 Nick Bjugstad Quinton Byfield Nicolas Roy 30 1 2 2
3 Wyatt Johnston Sam Bennett Brandon Saad 25 1 2 2
4 Scott Laughton Nino Niederreiter Andrew Mangiapane 15 1 2 2
5 vs 5 Defense
Defense Defense Time % Phy DF OF
1 Aaron Ekblad Ryan Pulock 30 1 2 2
2 Cody Ceci Mario Ferraro 30 1 2 2
3 Sean Walker Dougie Hamilton 25 1 2 2
4 Aaron Ekblad Ryan Pulock 15 1 2 2
PowerPlay Forward
Center Left Wing Right Wing Time % Phy DF OF
1 Tomas Hertl Brady Tkachuk Troy Terry 50 1 2 2
2 Nick Bjugstad Quinton Byfield Nicolas Roy 50 1 2 2
PowerPlay Defense
Defense Defense Time % Phy DF OF
1 Aaron Ekblad Ryan Pulock 50 1 2 2
2 Cody Ceci Mario Ferraro 50 1 2 2
Penalty Kill 4 Players Forward
Center Wing Time % Phy DF OF
1 Brady Tkachuk Tomas Hertl 50 1 2 2
2 Troy Terry Nick Bjugstad 50 1 2 2
Penalty Kill 4 Players Defense
Defense Defense Time % Phy DF OF
1 Aaron Ekblad Ryan Pulock 50 1 2 2
2 Cody Ceci Mario Ferraro 50 1 2 2
Penalty Kill - 3 Players Forward
Forward Time % Phy DF OF
1 Brady Tkachuk 50 1 2 2
2 Tomas Hertl 50 1 2 2
Penalty Kill - 3 Players Defense
Defense Defense Time % Phy DF OF
1 Aaron Ekblad Ryan Pulock 50 1 2 2
2 Cody Ceci Mario Ferraro 50 1 2 2
4 vs 4 Forward
Center Wing Time % Phy DF OF
1 Brady Tkachuk Tomas Hertl 50 1 2 2
2 Troy Terry Nick Bjugstad 50 1 2 2
4 vs 4 Defense
Defense Defense Time % Phy DF OF
1 Aaron Ekblad Ryan Pulock 50 1 2 2
2 Cody Ceci Mario Ferraro 50 1 2 2
Last Minutes Offensive
Center Left Wing Right Wing Defense Defense
Tomas Hertl Brady Tkachuk Troy Terry Aaron Ekblad Ryan Pulock
Last Minutes Defensive
Center Left Wing Right Wing Defense Defense
Tomas Hertl Brady Tkachuk Troy Terry Aaron Ekblad Ryan Pulock
Goaltenders
Starting : Cam Talbot
Backup : Matt Murray
Extra Forwards
Normal : Wyatt Johnston, Sam Bennett, Scott Laughton - PP : Wyatt Johnston, Sam Bennett - PK : Scott Laughton
Extra Defensemen
Normal : Sean Walker, Dougie Hamilton, Cody Ceci - PP : Sean Walker - PK : Dougie Hamilton, Cody Ceci
Penalty Shots
Brady Tkachuk, Tomas Hertl, Troy Terry, Nick Bjugstad, Wyatt Johnston
Scratches
Bowen Byram (Healthy), Kyle Okposo (Healthy), Warren Foegele (Healthy), Luke Schenn (Healthy), Pierre Engvall (Healthy)
Frederik Andersen (Sprained Left Ankle Injury)
Hartford Whalers
5 vs 5 Forward
Center Left Wing Right Wing Time % Phy DF OF
1 Nick Suzuki Anthony Cirelli Dylan Guenther 35 0 2 3
2 Joshua Norris Pierre-Luc Dubois Tom Wilson 35 1 2 2
3 Morgan Frost Jaden Schwartz Yegor Sharangovich 21 1 2 2
4 Nick Suzuki Miles Wood Dylan Guenther 9 1 2 2
5 vs 5 Defense
Defense Defense Time % Phy DF OF
1 Seth Jones Charlie McAvoy 30 1 2 2
2 Devon Toews Samuel Girard 30 1 2 2
3 Ryan Suter Kaiden Guhle 25 1 2 2
4 Devon Toews Charlie McAvoy 15 1 2 2
PowerPlay Forward
Center Left Wing Right Wing Time % Phy DF OF
1 Nick Suzuki Yegor Sharangovich Dylan Guenther 50 1 1 3
2 Joshua Norris Pierre-Luc Dubois Tom Wilson 50 1 1 3
PowerPlay Defense
Defense Defense Time % Phy DF OF
1 Kaiden Guhle Charlie McAvoy 50 1 1 3
2 Devon Toews Samuel Girard 50 1 1 3
Penalty Kill 4 Players Forward
Center Wing Time % Phy DF OF
1 Nick Suzuki Anthony Cirelli 50 1 3 1
2 Joshua Norris Miles Wood 50 1 3 1
Penalty Kill 4 Players Defense
Defense Defense Time % Phy DF OF
1 Kaiden Guhle Charlie McAvoy 50 1 3 1
2 Devon Toews Samuel Girard 50 1 3 1
Penalty Kill - 3 Players Forward
Forward Time % Phy DF OF
1 Anthony Cirelli 50 2 3 0
2 Joshua Norris 50 2 3 0
Penalty Kill - 3 Players Defense
Defense Defense Time % Phy DF OF
1 Samuel Girard Ryan Suter 50 2 3 0
2 Devon Toews Kaiden Guhle 50 2 3 0
4 vs 4 Forward
Center Wing Time % Phy DF OF
1 Nick Suzuki Dylan Guenther 50 1 1 3
2 Joshua Norris Yegor Sharangovich 50 0 2 3
4 vs 4 Defense
Defense Defense Time % Phy DF OF
1 Ryan Suter Kaiden Guhle 50 1 2 2
2 Devon Toews Samuel Girard 50 1 2 2
Last Minutes Offensive
Center Left Wing Right Wing Defense Defense
Nick Suzuki Dylan Guenther Yegor Sharangovich Seth Jones Charlie McAvoy
Last Minutes Defensive
Center Left Wing Right Wing Defense Defense
Joshua Norris Anthony Cirelli Tom Wilson Kaiden Guhle Charlie McAvoy
Goaltenders
Starting : Spencer Knight
Backup : Anton Forsberg
Extra Forwards
Normal : Nick Suzuki, Joshua Norris, Pierre-Luc Dubois - PP : Dylan Guenther, Yegor Sharangovich - PK : Anthony Cirelli
Extra Defensemen
Normal : Kaiden Guhle, Samuel Girard, Devon Toews - PP : Ryan Suter - PK : Kaiden Guhle, Devon Toews
Penalty Shots
Nick Suzuki, Yegor Sharangovich, Pierre-Luc Dubois, Anthony Cirelli, Joshua Norris
Scratches
None
% Time on Ice - Toronto Maple Leafs
Lines # - Real PCT - Wanted PCT - Time Play
Normal Forward
1 - 28% - 30% - 13:44
2 - 29% - 30% - 14:13
3 - 25% - 25% - 12:15
4 - 19% - 15% - 9:13
Normal Defense
1 - 31% - 30% - 15:05
2 - 31% - 30% - 15:25
3 - 25% - 25% - 12:09
4 - 14% - 15% - 6:46
PP Forward
1 - 51% - 50% - 1:16
2 - 49% - 50% - 1:13
PP Defense
1 - 50% - 50% - 1:15
2 - 50% - 50% - 1:14
PK Forward
1 - 44% - 50% - 3:36
2 - 56% - 50% - 4:30
PK Defense
1 - 51% - 50% - 4:08
2 - 49% - 50% - 3:58
PK3 Forward
1 - 0% - 50%
2 - 0% - 50%
PK3 Defense
1 - 0% - 50%
2 - 0% - 50%
44 Forward
1 - 0% - 50%
2 - 0% - 50%
44 Defense
1 - 0% - 50%
2 - 0% - 50%
Last Minute Offensive - 0:00
Last Minute Defensive - 0:00
Total
Forward - 60:00
Defense - 60:00
|
% Time on Ice - Hartford Whalers
Lines # - Real PCT - Wanted PCT - Time Play
Normal Forward
1 - 31% - 35% - 15:21
2 - 28% - 35% - 13:54
3 - 28% - 21% - 13:38
4 - 13% - 9% - 6:32
Normal Defense
1 - 31% - 30% - 15:12
2 - 32% - 30% - 15:37
3 - 25% - 25% - 12:22
4 - 13% - 15% - 6:14
PP Forward
1 - 42% - 50% - 3:22
2 - 58% - 50% - 4:44
PP Defense
1 - 54% - 50% - 4:21
2 - 46% - 50% - 3:45
PK Forward
1 - 47% - 50% - 1:10
2 - 53% - 50% - 1:19
PK Defense
1 - 44% - 50% - 1:06
2 - 56% - 50% - 1:23
PK3 Forward
1 - 0% - 50%
2 - 0% - 50%
PK3 Defense
1 - 0% - 50%
2 - 0% - 50%
44 Forward
1 - 0% - 50%
2 - 0% - 50%
44 Defense
1 - 0% - 50%
2 - 0% - 50%
Last Minute Offensive - 0:00
Last Minute Defensive - 0:00
Total
Forward - 60:00
Defense - 60:00
|
Play-by-Play
1st period
0:01 of 1st period - Nick Suzuki wins face-off versus Tomas Hertl in neutral zone.
0:14 of 1st period - Slapshot by Dylan Guenther.
0:14 of 1st period - Stopped by Cam Talbot with a rebound.
0:26 of 1st period - Ryan Pulock is hit by Seth Jones and loses puck.
0:51 of 1st period - Brandon Saad is hit by Devon Toews and loses puck.
1:26 of 1st period - Wrist shot by Troy Terry.
1:26 of 1st period - Shot Blocked by Pierre-Luc Dubois.
1:42 of 1st period - Wrist shot by Tomas Hertl.
1:42 of 1st period - Stopped by Spencer Knight without a rebound.
1:43 of 1st period - Nick Bjugstad wins face-off versus Morgan Frost in Hartford Whalers zone.
1:50 of 1st period - Wrist shot by Nick Bjugstad.
1:50 of 1st period - Shot Misses the Net.
2:10 of 1st period - Snap shot by Jaden Schwartz.
2:10 of 1st period - Stopped by Cam Talbot without a rebound.
2:11 of 1st period - Wyatt Johnston wins face-off versus Nick Suzuki in Toronto Maple Leafs zone.
2:11 of 1st period - Wyatt Johnston is hit by Nick Suzuki.
2:19 of 1st period - Slapshot by Wyatt Johnston.
2:19 of 1st period - Stopped by Spencer Knight without a rebound.
2:20 of 1st period - Nick Suzuki wins face-off versus Wyatt Johnston in Hartford Whalers zone.
3:29 of 1st period - Snap shot by Dylan Guenther.
3:29 of 1st period - Shot Blocked by Aaron Ekblad.
3:31 of 1st period - Wrist shot by Anthony Cirelli.
3:31 of 1st period - Stopped by Cam Talbot without a rebound.
3:32 of 1st period - Joshua Norris wins face-off versus Tomas Hertl in Toronto Maple Leafs zone.
3:35 of 1st period - Snap shot by Tom Wilson.
3:35 of 1st period - Shot Misses the Net.
3:43 of 1st period - Slapshot by Tomas Hertl.
3:43 of 1st period - Deflect By Brady Tkachuk.
3:43 of 1st period - Stopped by Spencer Knight with a rebound.
3:45 of 1st period - Slapshot by Dougie Hamilton.
3:45 of 1st period - Stopped by Spencer Knight with a rebound.
3:47 of 1st period - Slapshot by Sean Walker.
3:47 of 1st period - Shot Misses the Net.
3:49 of 1st period - Slapshot by Troy Terry.
3:49 of 1st period - Deflect By Tom Wilson.
3:49 of 1st period - Shot Misses the Net.
3:49 of 1st period - Puck is out of play.
3:50 of 1st period - Scott Laughton wins face-off versus Morgan Frost in Hartford Whalers zone.
5:25 of 1st period - Andrew Mangiapane is hit by Samuel Girard and loses puck.
7:22 of 1st period - Samuel Girard is hit by Sam Bennett and loses puck.
7:39 of 1st period - Joshua Norris is hit by Dougie Hamilton and loses puck.
7:40 of 1st period - Joshua Norris from Hartford Whalers is injured at 7:40 of 1st period (Bruised Right Arm).
7:41 of 1st period - Nick Suzuki wins face-off versus Nick Bjugstad in Hartford Whalers zone.
8:08 of 1st period - Snap shot by Nino Niederreiter.
8:08 of 1st period - Stopped by Spencer Knight without a rebound.
8:09 of 1st period - Scott Laughton wins face-off versus Morgan Frost in Hartford Whalers zone.
8:18 of 1st period - Aaron Ekblad is hit by Jaden Schwartz and loses puck.
9:27 of 1st period - Snap shot by Nicolas Roy.
9:27 of 1st period - Stopped by Spencer Knight without a rebound.
9:28 of 1st period - Yegor Sharangovich wins face-off versus Nick Bjugstad in Hartford Whalers zone.
9:35 of 1st period - Slapshot by Pierre-Luc Dubois.
9:35 of 1st period - Shot Misses the Net.
9:53 of 1st period - Yegor Sharangovich is hit by Mario Ferraro and loses puck.
10:02 of 1st period - Wrist shot by Troy Terry.
10:02 of 1st period - Stopped by Spencer Knight without a rebound.
10:03 of 1st period - Tomas Hertl wins face-off versus Nick Suzuki in Hartford Whalers zone.
10:14 of 1st period - Snap shot by Troy Terry.
10:14 of 1st period - Shot Blocked by Charlie McAvoy.
10:19 of 1st period - Icing by Devon Toews.
10:20 of 1st period - Nick Bjugstad wins face-off versus Nick Suzuki in Hartford Whalers zone.
10:27 of 1st period - Snap shot by Nick Bjugstad.
10:27 of 1st period - Shot Blocked by Dylan Guenther.
10:27 of 1st period - Dylan Guenther from Hartford Whalers is injured at 10:27 of 1st period (Sprained Right Finger).
10:28 of 1st period - Pierre-Luc Dubois wins face-off versus Tomas Hertl in Hartford Whalers zone.
10:37 of 1st period - Tomas Hertl is hit by Devon Toews and loses puck.
10:54 of 1st period - Morgan Frost is hit by Nick Bjugstad and loses puck.
11:23 of 1st period - Slapshot by Sam Bennett.
11:23 of 1st period - Stopped by Spencer Knight with a rebound.
11:25 of 1st period - Backhand shot by Cody Ceci.
11:25 of 1st period - Stopped by Spencer Knight without a rebound.
11:26 of 1st period - Nick Suzuki wins face-off versus Tomas Hertl in Hartford Whalers zone.
11:34 of 1st period - Wrist shot by Anthony Cirelli.
11:34 of 1st period - Shot Misses the Net.
12:14 of 1st period - Wrist shot by Jaden Schwartz.
12:14 of 1st period - Shot Blocked by Andrew Mangiapane.
12:27 of 1st period - Icing by Jaden Schwartz.
12:28 of 1st period - Morgan Frost wins face-off versus Troy Terry in Hartford Whalers zone.
12:33 of 1st period - Backhand shot by Brady Tkachuk.
12:33 of 1st period - Shot Misses the Net.
12:58 of 1st period - Off-side.
12:59 of 1st period - Nick Suzuki wins face-off versus Nick Bjugstad in neutral zone.
13:02 of 1st period - Snap shot by Nick Suzuki.
13:02 of 1st period - Shot Misses the Net.
13:11 of 1st period - Minor Penalty to Nick Suzuki for Hooking.
13:12 of 1st period - Yegor Sharangovich wins face-off versus Tomas Hertl in Hartford Whalers zone.
15:11 of 1st period - Penalty to Nick Suzuki is over, Nick Suzuki is back on ice.
15:16 of 1st period - Off-side.
15:17 of 1st period - Wyatt Johnston wins face-off versus Nick Suzuki in neutral zone.
15:24 of 1st period - Snap shot by Wyatt Johnston.
15:24 of 1st period - Shot Misses the Net.
15:37 of 1st period - Off-side.
15:38 of 1st period - Morgan Frost wins face-off versus Scott Laughton in neutral zone.
15:51 of 1st period - Wrist shot by Morgan Frost.
15:51 of 1st period - Shot Misses the Net.
16:52 of 1st period - Wrist shot by Morgan Frost.
16:52 of 1st period - Deflect By Josh Anderson.
16:52 of 1st period - Shot Blocked by Ryan Pulock.
16:52 of 1st period - Puck is out of play.
16:53 of 1st period - Tomas Hertl wins face-off versus Jaden Schwartz in Toronto Maple Leafs zone.
17:13 of 1st period - Samuel Girard is hit by Brady Tkachuk and loses puck.
17:26 of 1st period - Snap shot by Brady Tkachuk.
17:26 of 1st period - Stopped by Spencer Knight without a rebound.
17:27 of 1st period - Nick Bjugstad wins face-off versus Nick Suzuki in Hartford Whalers zone.
18:15 of 1st period - Minor Penalty to Aaron Ekblad for Slashing.
18:16 of 1st period - Brady Tkachuk wins face-off versus Nick Suzuki in Toronto Maple Leafs zone.
18:23 of 1st period - Wrist shot by Tomas Hertl.
18:23 of 1st period - Shot Blocked by Kaiden Guhle.
18:31 of 1st period - Snap shot by Nick Suzuki.
18:31 of 1st period - Shot Misses the Net.
18:41 of 1st period - Kaiden Guhle is hit by Nick Bjugstad and loses puck.
18:52 of 1st period - Slapshot by Nick Bjugstad.
18:52 of 1st period - Shot Misses the Net.
Goals for this period are 0 for Toronto Maple Leafs vs 0 for Hartford Whalers.
Shots for this period are 10 for Toronto Maple Leafs vs 3 for Hartford Whalers.
2nd period
0:01 of 2nd period - Troy Terry wins face-off versus Yegor Sharangovich in neutral zone.
0:15 of 2nd period - Penalty to Aaron Ekblad is over, Aaron Ekblad is back on ice.
0:21 of 2nd period - Snap shot by Wyatt Johnston.
0:21 of 2nd period - Stopped by Spencer Knight with a rebound.
0:23 of 2nd period - Snap shot by Wyatt Johnston.
0:23 of 2nd period - Stopped by Spencer Knight with a rebound.
0:29 of 2nd period - Backhand shot by Brandon Saad.
0:29 of 2nd period - Deflect By Wyatt Johnston.
0:29 of 2nd period - Stopped by Spencer Knight with a rebound.
0:31 of 2nd period - Backhand shot by Ryan Pulock.
0:31 of 2nd period - Shot Misses the Net.
0:41 of 2nd period - Miles Wood is hit by Andrew Mangiapane and loses puck.
1:19 of 2nd period - Snap shot by Scott Laughton.
1:19 of 2nd period - Stopped by Spencer Knight with a rebound.
1:33 of 2nd period - Snap shot by Nino Niederreiter.
1:33 of 2nd period - Stopped by Spencer Knight with a rebound.
1:35 of 2nd period - Slapshot by Nino Niederreiter.
1:35 of 2nd period - Stopped by Spencer Knight with a rebound.
1:51 of 2nd period - Snap shot by Scott Laughton.
1:51 of 2nd period - Stopped by Spencer Knight without a rebound.
1:52 of 2nd period - Nick Bjugstad wins face-off versus Morgan Frost in Hartford Whalers zone.
1:55 of 2nd period - Wrist shot by Nicolas Roy.
1:55 of 2nd period - Stopped by Spencer Knight with a rebound.
2:37 of 2nd period - Snap shot by Troy Terry.
2:37 of 2nd period - Stopped by Spencer Knight with a rebound.
3:32 of 2nd period - Icing by Mario Ferraro.
3:33 of 2nd period - Wyatt Johnston wins face-off versus Morgan Frost in Toronto Maple Leafs zone.
3:40 of 2nd period - Snap shot by Nicolas Roy.
3:40 of 2nd period - Stopped by Spencer Knight without a rebound.
3:41 of 2nd period - Anthony Cirelli wins face-off versus Nicolas Roy in Hartford Whalers zone.
3:48 of 2nd period - Slapshot by Nick Suzuki.
3:48 of 2nd period - Shot Misses the Net.
3:50 of 2nd period - Slapshot by Samuel Girard.
3:50 of 2nd period - Shot Blocked by Nick Bjugstad.
3:52 of 2nd period - Snap shot by Nick Suzuki.
3:52 of 2nd period - Shot Blocked by Aaron Ekblad.
4:04 of 2nd period - Yegor Sharangovich is hit by Brady Tkachuk and loses puck.
4:32 of 2nd period - Icing by Brandon Saad.
4:33 of 2nd period - Wyatt Johnston wins face-off versus Nick Suzuki in Toronto Maple Leafs zone.
4:46 of 2nd period - Wrist shot by Wyatt Johnston.
4:46 of 2nd period - Shot Blocked by Kaiden Guhle.
4:52 of 2nd period - Wrist shot by Sam Bennett.
4:52 of 2nd period - Stopped by Spencer Knight with a rebound.
5:28 of 2nd period - Miles Wood is hit by Brady Tkachuk and loses puck.
5:47 of 2nd period - Minor Penalty to Tom Wilson for Interference.
5:48 of 2nd period - Anthony Cirelli wins face-off versus Nick Bjugstad in Hartford Whalers zone.
6:04 of 2nd period - Snap shot by Nicolas Roy.
6:04 of 2nd period - Goal by Nicolas Roy - Toronto Maple Leafs : 1 - Hartford Whalers : 0.
6:05 of 2nd period - Tomas Hertl wins face-off versus Nick Suzuki in neutral zone.
6:08 of 2nd period - Anthony Cirelli is hit by Mario Ferraro and loses puck.
6:14 of 2nd period - Off-side.
6:15 of 2nd period - Tomas Hertl wins face-off versus Nick Suzuki in neutral zone.
6:30 of 2nd period - Wrist shot by Nick Suzuki.
6:30 of 2nd period - Stopped by Cam Talbot with a rebound.
6:32 of 2nd period - Slapshot by Devon Toews.
6:32 of 2nd period - Stopped by Cam Talbot with a rebound.
6:36 of 2nd period - Snap shot by Pierre-Luc Dubois.
6:36 of 2nd period - Shot Misses the Net.
6:38 of 2nd period - Slapshot by Charlie McAvoy.
6:38 of 2nd period - Shot Misses the Net.
6:40 of 2nd period - Snap shot by Pierre-Luc Dubois.
6:40 of 2nd period - Deflect By Nick Suzuki.
6:40 of 2nd period - Shot Misses the Net.
6:40 of 2nd period - Puck is out of play.
6:41 of 2nd period - Nick Bjugstad wins face-off versus Morgan Frost in Toronto Maple Leafs zone.
6:46 of 2nd period - Ryan Suter is hit by Nick Bjugstad and loses puck.
6:55 of 2nd period - Snap shot by Yegor Sharangovich.
6:55 of 2nd period - Shot Blocked by Nick Bjugstad.
6:57 of 2nd period - Slapshot by Kaiden Guhle.
6:57 of 2nd period - Shot Misses the Net.
7:13 of 2nd period - Icing by Nick Suzuki.
7:14 of 2nd period - Nick Suzuki wins face-off versus Wyatt Johnston in Hartford Whalers zone.
7:14 of 2nd period - Nick Suzuki is hit by Wyatt Johnston.
7:22 of 2nd period - Sam Bennett is hit by Tom Wilson and loses puck.
7:28 of 2nd period - Icing by Brandon Saad.
7:29 of 2nd period - Nick Suzuki wins face-off versus Wyatt Johnston in Toronto Maple Leafs zone.
7:30 of 2nd period - Slapshot by Anthony Cirelli.
7:30 of 2nd period - Stopped by Cam Talbot without a rebound.
7:31 of 2nd period - Nick Bjugstad wins face-off versus Nick Suzuki in Toronto Maple Leafs zone.
7:44 of 2nd period - Snap shot by Quinton Byfield.
7:44 of 2nd period - Stopped by Spencer Knight with a rebound.
7:46 of 2nd period - Snap shot by Nicolas Roy.
7:46 of 2nd period - Stopped by Spencer Knight with a rebound.
8:34 of 2nd period - Snap shot by Nino Niederreiter.
8:34 of 2nd period - Stopped by Spencer Knight without a rebound.
8:35 of 2nd period - Scott Laughton wins face-off versus Nick Suzuki in Hartford Whalers zone.
9:21 of 2nd period - Dougie Hamilton is hit by Charlie McAvoy and loses puck.
9:42 of 2nd period - Snap shot by Morgan Frost.
9:42 of 2nd period - Stopped by Cam Talbot without a rebound.
9:43 of 2nd period - Tomas Hertl wins face-off versus Morgan Frost in Toronto Maple Leafs zone.
10:06 of 2nd period - Wrist shot by Nick Bjugstad.
10:06 of 2nd period - Goal by Nick Bjugstad - Toronto Maple Leafs : 2 - Hartford Whalers : 0.
10:07 of 2nd period - Nick Suzuki wins face-off versus Nick Bjugstad in neutral zone.
10:12 of 2nd period - Snap shot by Nick Suzuki.
10:12 of 2nd period - Shot Blocked by Quinton Byfield.
10:22 of 2nd period - Wrist shot by Nick Bjugstad.
10:22 of 2nd period - Shot Misses the Net.
11:16 of 2nd period - Scott Laughton is hit by Samuel Girard.
12:54 of 2nd period - Off-side.
12:55 of 2nd period - Morgan Frost wins face-off versus Wyatt Johnston in neutral zone.
12:58 of 2nd period - Snap shot by Jaden Schwartz.
12:58 of 2nd period - Shot Blocked by Dougie Hamilton.
13:42 of 2nd period - Snap shot by Troy Terry.
13:42 of 2nd period - Goal by Troy Terry - Toronto Maple Leafs : 3 - Hartford Whalers : 0.
13:43 of 2nd period - Nick Suzuki wins face-off versus Tomas Hertl in neutral zone.
13:46 of 2nd period - Slapshot by Devon Toews.
13:46 of 2nd period - Deflect By Tom Wilson.
13:46 of 2nd period - Stopped by Cam Talbot with a rebound.
13:52 of 2nd period - Wrist shot by Nick Suzuki.
13:52 of 2nd period - Stopped by Cam Talbot without a rebound.
13:53 of 2nd period - Tomas Hertl wins face-off versus Nick Suzuki in Toronto Maple Leafs zone.
14:16 of 2nd period - Minor Penalty to Tom Wilson for Hooking.
14:17 of 2nd period - Troy Terry wins face-off versus Anthony Cirelli in Hartford Whalers zone.
14:27 of 2nd period - Snap shot by Brady Tkachuk.
14:27 of 2nd period - Stopped by Spencer Knight with a rebound.
14:29 of 2nd period - Slapshot by Cody Ceci.
14:29 of 2nd period - Deflect By Anthony Cirelli.
14:29 of 2nd period - Goal by Cody Ceci - Toronto Maple Leafs : 4 - Hartford Whalers : 0.
14:30 of 2nd period - Nick Bjugstad wins face-off versus Nick Suzuki in neutral zone.
16:30 of 2nd period - Minor Penalty to Sean Walker for Hooking.
16:31 of 2nd period - Brady Tkachuk wins face-off versus Yegor Sharangovich in Toronto Maple Leafs zone.
16:41 of 2nd period - Off-side.
16:42 of 2nd period - Yegor Sharangovich wins face-off versus Troy Terry in neutral zone.
16:51 of 2nd period - Snap shot by Pierre-Luc Dubois.
16:51 of 2nd period - Shot Blocked by Aaron Ekblad.
16:53 of 2nd period - Wrist shot by Charlie McAvoy.
16:53 of 2nd period - Stopped by Cam Talbot with a rebound.
18:30 of 2nd period - Penalty to Sean Walker is over, Sean Walker is back on ice.
18:33 of 2nd period - Snap shot by Nick Suzuki.
18:33 of 2nd period - Stopped by Cam Talbot with a rebound.
18:35 of 2nd period - Snap shot by Nick Suzuki.
18:35 of 2nd period - Shot Misses the Net.
18:47 of 2nd period - Wrist shot by Sam Bennett.
18:47 of 2nd period - Stopped by Spencer Knight without a rebound.
18:48 of 2nd period - Morgan Frost wins face-off versus Wyatt Johnston in Hartford Whalers zone.
19:41 of 2nd period - Sam Bennett is hit by Morgan Frost and loses puck.
Goals for this period are 4 for Toronto Maple Leafs vs 0 for Hartford Whalers.
Shots for this period are 20 for Toronto Maple Leafs vs 8 for Hartford Whalers.
3rd period
0:01 of 3rd period - Nick Bjugstad wins face-off versus Nick Suzuki in neutral zone.
0:04 of 3rd period - Slapshot by Aaron Ekblad.
0:04 of 3rd period - Stopped by Spencer Knight without a rebound.
0:05 of 3rd period - Nick Suzuki wins face-off versus Nick Bjugstad in Hartford Whalers zone.
1:26 of 3rd period - Seth Jones is hit by Nick Bjugstad and loses puck.
1:41 of 3rd period - Snap shot by Wyatt Johnston.
1:41 of 3rd period - Deflect By Josh Anderson.
1:41 of 3rd period - Shot Misses the Net.
1:41 of 3rd period - Puck is out of play.
1:42 of 3rd period - Wyatt Johnston wins face-off versus Morgan Frost in Hartford Whalers zone.
2:11 of 3rd period - Snap shot by Nick Suzuki.
2:11 of 3rd period - Goal by Nick Suzuki - Toronto Maple Leafs : 4 - Hartford Whalers : 1.
2:12 of 3rd period - Tomas Hertl wins face-off versus Anthony Cirelli in neutral zone.
2:50 of 3rd period - Wrist shot by Brandon Saad.
2:50 of 3rd period - Shot Misses the Net.
3:13 of 3rd period - Snap shot by Scott Laughton.
3:13 of 3rd period - Stopped by Spencer Knight with a rebound.
3:15 of 3rd period - Slapshot by Dougie Hamilton.
3:15 of 3rd period - Stopped by Spencer Knight without a rebound.
3:16 of 3rd period - Nick Suzuki wins face-off versus Nick Bjugstad in Hartford Whalers zone.
4:07 of 3rd period - Mario Ferraro is hit by Pierre-Luc Dubois and loses puck.
4:36 of 3rd period - Scott Laughton is hit by Nick Suzuki and loses puck.
5:15 of 3rd period - Snap shot by Troy Terry.
5:15 of 3rd period - Stopped by Spencer Knight without a rebound.
5:16 of 3rd period - Morgan Frost wins face-off versus Nick Bjugstad in Hartford Whalers zone.
5:32 of 3rd period - Slapshot by Nicolas Roy.
5:32 of 3rd period - Shot Misses the Net.
5:47 of 3rd period - Josh Anderson is hit by Nicolas Roy and loses puck.
5:59 of 3rd period - Off-side.
6:00 of 3rd period - Tomas Hertl wins face-off versus Yegor Sharangovich in neutral zone.
6:02 of 3rd period - Brady Tkachuk beats up Tom Wilson.
6:02 of 3rd period - Penalty to Tom Wilson for Fighting.
6:02 of 3rd period - Penalty to Brady Tkachuk for Fighting.
6:03 of 3rd period - Tomas Hertl wins face-off versus Nick Suzuki in Hartford Whalers zone.
6:18 of 3rd period - Snap shot by Anthony Cirelli.
6:18 of 3rd period - Stopped by Cam Talbot with a rebound.
6:20 of 3rd period - Backhand shot by Devon Toews.
6:20 of 3rd period - Shot Blocked by Aaron Ekblad.
7:17 of 3rd period - Snap shot by Wyatt Johnston.
7:17 of 3rd period - Stopped by Spencer Knight without a rebound.
7:18 of 3rd period - Tomas Hertl wins face-off versus Nick Suzuki in Hartford Whalers zone.
7:21 of 3rd period - Wrist shot by Tomas Hertl.
7:21 of 3rd period - Shot Blocked by Ryan Suter.
7:27 of 3rd period - Snap shot by Ryan Suter.
7:27 of 3rd period - Deflect By Nick Suzuki.
7:27 of 3rd period - Shot Blocked by Cody Ceci.
7:27 of 3rd period - Puck is out of play.
7:28 of 3rd period - Nick Suzuki wins face-off versus Tomas Hertl in Toronto Maple Leafs zone.
7:29 of 3rd period - Slapshot by Anthony Cirelli.
7:29 of 3rd period - Goal by Anthony Cirelli - Toronto Maple Leafs : 4 - Hartford Whalers : 2.
7:30 of 3rd period - Tomas Hertl wins face-off versus Nick Suzuki in neutral zone.
8:05 of 3rd period - Snap shot by Jaden Schwartz.
8:05 of 3rd period - Deflect By Morgan Frost.
8:05 of 3rd period - Stopped by Cam Talbot with a rebound.
8:07 of 3rd period - Slapshot by Jaden Schwartz.
8:07 of 3rd period - Shot Misses the Net.
8:09 of 3rd period - Slapshot by Samuel Girard.
8:09 of 3rd period - Stopped by Cam Talbot without a rebound.
8:10 of 3rd period - Pierre-Luc Dubois wins face-off versus Nick Bjugstad in Toronto Maple Leafs zone.
8:21 of 3rd period - Wrist shot by Yegor Sharangovich.
8:21 of 3rd period - Stopped by Cam Talbot with a rebound.
8:23 of 3rd period - Slapshot by Pierre-Luc Dubois.
8:23 of 3rd period - Stopped by Cam Talbot without a rebound.
8:24 of 3rd period - Tomas Hertl wins face-off versus Nick Suzuki in Toronto Maple Leafs zone.
8:29 of 3rd period - Slapshot by Nick Suzuki.
8:29 of 3rd period - Stopped by Cam Talbot without a rebound.
8:30 of 3rd period - Nick Suzuki wins face-off versus Tomas Hertl in Toronto Maple Leafs zone.
8:33 of 3rd period - Snap shot by Nick Suzuki.
8:33 of 3rd period - Shot Blocked by Ryan Pulock.
8:35 of 3rd period - Slapshot by Samuel Girard.
8:35 of 3rd period - Deflect By Nick Suzuki.
8:35 of 3rd period - Stopped by Cam Talbot with a rebound.
8:37 of 3rd period - Slapshot by Samuel Girard.
8:37 of 3rd period - Shot Misses the Net.
8:39 of 3rd period - Snap shot by Devon Toews.
8:39 of 3rd period - Stopped by Cam Talbot without a rebound.
8:40 of 3rd period - Nick Suzuki wins face-off versus Wyatt Johnston in Toronto Maple Leafs zone.
8:43 of 3rd period - Wrist shot by Anthony Cirelli.
8:43 of 3rd period - Stopped by Cam Talbot without a rebound.
8:44 of 3rd period - Brandon Saad wins face-off versus Nick Suzuki in Toronto Maple Leafs zone.
8:55 of 3rd period - Backhand shot by Sam Bennett.
8:55 of 3rd period - Stopped by Spencer Knight with a rebound.
9:32 of 3rd period - Minor Penalty to Nick Bjugstad for Interference.
9:33 of 3rd period - Scott Laughton wins face-off versus Yegor Sharangovich in Toronto Maple Leafs zone.
9:42 of 3rd period - Backhand shot by Pierre-Luc Dubois.
9:42 of 3rd period - Goal by Pierre-Luc Dubois - Toronto Maple Leafs : 4 - Hartford Whalers : 3.
9:43 of 3rd period - Anthony Cirelli wins face-off versus Nick Bjugstad in neutral zone.
9:48 of 3rd period - Slapshot by Nick Suzuki.
9:48 of 3rd period - Stopped by Cam Talbot with a rebound.
9:50 of 3rd period - Snap shot by Anthony Cirelli.
9:50 of 3rd period - Shot Blocked by Dougie Hamilton.
9:55 of 3rd period - Minor Penalty to Dougie Hamilton for Holding.
9:56 of 3rd period - Scott Laughton wins face-off versus Nick Suzuki in Toronto Maple Leafs zone.
9:56 of 3rd period - Scott Laughton is hit by Samuel Girard.
10:34 of 3rd period - Scott Laughton is hit by Pierre-Luc Dubois and loses puck.
11:02 of 3rd period - Penalty to Brady Tkachuk is over, Brady Tkachuk is back on ice.
11:55 of 3rd period - Penalty to Dougie Hamilton is over, Dougie Hamilton is back on ice.
12:11 of 3rd period - Snap shot by Sam Bennett.
12:11 of 3rd period - Shot Blocked by Yegor Sharangovich.
12:44 of 3rd period - Minor Penalty to Nick Bjugstad for Hooking.
12:45 of 3rd period - Brady Tkachuk wins face-off versus Yegor Sharangovich in Toronto Maple Leafs zone.
12:48 of 3rd period - Off-side.
12:49 of 3rd period - Brady Tkachuk wins face-off versus Yegor Sharangovich in neutral zone.
14:29 of 3rd period - Tom Wilson is hit by Wyatt Johnston and loses puck.
14:44 of 3rd period - Penalty to Nick Bjugstad is over, Nick Bjugstad is back on ice.
14:46 of 3rd period - Snap shot by Nick Suzuki.
14:46 of 3rd period - Deflect By Miles Wood.
14:46 of 3rd period - Stopped by Cam Talbot without a rebound.
14:47 of 3rd period - Nick Bjugstad wins face-off versus Nick Suzuki in Toronto Maple Leafs zone.
15:20 of 3rd period - Off-side.
15:21 of 3rd period - Tomas Hertl wins face-off versus Yegor Sharangovich in neutral zone.
15:30 of 3rd period - Snap shot by Troy Terry.
15:30 of 3rd period - Stopped by Spencer Knight with a rebound.
16:02 of 3rd period - Snap shot by Scott Laughton.
16:02 of 3rd period - Goal by Scott Laughton - Toronto Maple Leafs : 5 - Hartford Whalers : 3.
16:03 of 3rd period - Nick Suzuki wins face-off versus Wyatt Johnston in neutral zone.
16:14 of 3rd period - Slapshot by Nick Suzuki.
16:14 of 3rd period - Deflect By Brandon Saad.
16:14 of 3rd period - Stopped by Cam Talbot with a rebound.
16:16 of 3rd period - Snap shot by Samuel Girard.
16:16 of 3rd period - Stopped by Cam Talbot without a rebound.
16:17 of 3rd period - Wyatt Johnston wins face-off versus Nick Suzuki in Toronto Maple Leafs zone.
16:22 of 3rd period - Pierre-Luc Dubois is hit by Aaron Ekblad.
16:28 of 3rd period - Snap shot by Anthony Cirelli.
16:28 of 3rd period - Shot Blocked by Aaron Ekblad.
16:30 of 3rd period - Wrist shot by Nick Suzuki.
16:30 of 3rd period - Shot Blocked by Ryan Pulock.
16:32 of 3rd period - Snap shot by Nick Suzuki.
16:32 of 3rd period - Stopped by Cam Talbot with a rebound.
16:42 of 3rd period - Seth Jones is hit by Brady Tkachuk and loses puck.
17:05 of 3rd period - Off-side.
17:06 of 3rd period - Nick Bjugstad wins face-off versus Yegor Sharangovich in neutral zone.
17:16 of 3rd period - Snap shot by Nicolas Roy.
17:16 of 3rd period - Stopped by Spencer Knight with a rebound.
17:18 of 3rd period - Slapshot by Aaron Ekblad.
17:18 of 3rd period - Deflect By Quinton Byfield.
17:18 of 3rd period - Stopped by Spencer Knight with a rebound.
17:20 of 3rd period - Snap shot by Nicolas Roy.
17:20 of 3rd period - Deflect By Nick Bjugstad.
17:20 of 3rd period - Shot Blocked by Tom Wilson.
17:20 of 3rd period - Puck is out of play.
17:21 of 3rd period - Nick Suzuki wins face-off versus Wyatt Johnston in Hartford Whalers zone.
17:26 of 3rd period - Backhand shot by Anthony Cirelli.
17:26 of 3rd period - Shot Blocked by Brandon Saad.
17:46 of 3rd period - Tomas Hertl is hit by Jaden Schwartz and loses puck.
17:51 of 3rd period - Snap shot by Morgan Frost.
17:51 of 3rd period - Shot Blocked by Aaron Ekblad.
17:53 of 3rd period - Slapshot by Ryan Suter.
17:53 of 3rd period - Shot Misses the Net.
17:55 of 3rd period - Slapshot by Kaiden Guhle.
17:55 of 3rd period - Deflect By Jaden Schwartz.
17:55 of 3rd period - Shot Blocked by Ryan Pulock.
17:55 of 3rd period - Puck is out of play.
17:56 of 3rd period - Wyatt Johnston wins face-off versus Nick Suzuki in Toronto Maple Leafs zone.
17:56 of 3rd period - Wyatt Johnston is hit by Pierre-Luc Dubois.
18:01 of 3rd period - Mario Ferraro is hit by Pierre-Luc Dubois and loses puck.
18:41 of 3rd period - Snap shot by Morgan Frost.
18:41 of 3rd period - Shot Misses the Net.
18:43 of 3rd period - Slapshot by Charlie McAvoy.
18:43 of 3rd period - Stopped by Cam Talbot without a rebound.
18:44 of 3rd period - Nick Suzuki wins face-off versus Wyatt Johnston in Toronto Maple Leafs zone.
18:45 of 3rd period - Snap shot by Yegor Sharangovich.
18:45 of 3rd period - Shot Misses the Net.
18:47 of 3rd period - Snap shot by Samuel Girard.
18:47 of 3rd period - Shot Blocked by Ryan Pulock.
18:49 of 3rd period - Wrist shot by Nick Suzuki.
18:49 of 3rd period - Stopped by Cam Talbot with a rebound.
18:51 of 3rd period - Wrist shot by Nick Suzuki.
18:51 of 3rd period - Deflect By Anthony Cirelli.
18:51 of 3rd period - Stopped by Cam Talbot without a rebound.
18:52 of 3rd period - Wyatt Johnston wins face-off versus Nick Suzuki in Toronto Maple Leafs zone.
18:57 of 3rd period - Wrist shot by Aaron Ekblad.
18:57 of 3rd period - Shot Misses the Net.
Goals for this period are 1 for Toronto Maple Leafs vs 3 for Hartford Whalers.
Shots for this period are 10 for Toronto Maple Leafs vs 20 for Hartford Whalers.
Back to the Top